 Dungeon Crawl Stone Soup version 0.26.0-45-g9c1d065592 (webtiles) character file.

Game seed: 14861002837545210030

564 kaeus the Sneak (level 7, -2/45 HPs)
             Began as an Octopode Venom Mage on Jan 30, 2021.
             Slain by Menkaure (22 damage)
             ... on level 4 of the Dungeon.
             The game lasted 00:06:26 (5662 turns).

kaeus the Sneak (Octopode Venom Mage)               Turns: 5662, Time: 00:06:26

Health: -2/45      AC:  1    Str:  7    XL:     7   Next: 32%
Magic:  15/21      EV: 13    Int: 19    God:
Gold:   134        SH:  0    Dex: 13    Spells: 5/13 levels left

rFire    . . .     SeeInvis .   j - +2 dagger (venom)
rCold    . . .     Faith    .   (no shield)
rNeg     . . .     Spirit   .   (helmet restricted)
rPois    .         Reflect  .   (no amulet)
rElec    .         Harm     .   h - ring of magical power
rCorr    .         Rampage  .   (no ring)
Will     .....                  (no ring)
Stlth    +++.......             (no ring)
HPRegen  0.15/turn              (no ring)
MPRegen  0.17/turn              (no ring)
                                (no ring)
                                (no ring)

@: no status effects
A: almost no armour, stealthy swim, amphibious, 8 rings, constrict 8, camouflage
1, gelatinous body 1
a: no special abilities


You were on level 4 of the Dungeon.
You visited 1 branch of the dungeon, and saw 4 of its levels.

You collected 134 gold pieces.

Inventory:

Hand Weapons
 j - a +2 dagger of venom (weapon)
Jewellery
 h - a ring of magical power (left tentacle)
Scrolls
 b - a scroll of noise {unknown}
 e - 4 scrolls of identify
 l - 2 scrolls of immolation {unknown}
Potions
 a - a potion of resistance {unknown}
 c - a potion of degeneration {unknown}
 d - 3 potions of heal wounds
 f - a potion of magic {unknown}
 g - a potion of flight {unknown}
 i - 2 potions of curing
 k - a potion of berserk rage {unknown}


   Skills:
 - Level 2.0 Fighting
 - Level 2.0 Dodging
 - Level 4.1 Stealth
 + Level 3.6 Spellcasting
 + Level 2.8 Conjurations
 + Level 3.5 Transmutations
 + Level 3.0 Air Magic
 - Level 4.0 Poison Magic


You had 5 spell levels left.
You knew the following spells:

 Your Spells              Type           Power        Failure   Level
a - Sting                 Tmut/Pois      68%          3%          1
b - Mephitic Cloud        Conj/Pois/Air  15%          11%         3
c - Olgreb's Toxic Radia  Pois           18%          28%         4

Your spell library contained the following spells:

 Spells                   Type           Power        Failure   Level
 Poisonous Vapours        Pois/Air       32%          4%          2
 Ignite Poison            Fire/Tmut/Pois 13%          16%         3


Dungeon Overview and Level Annotations

Branches:
Dungeon (4/15)
 Temple: D:4-7

Altars:
Hepliaklqana
Trog

Annotations:
D:4 Menkaure


Innate Abilities, Weirdness & Mutations

You cannot wear most types of armour.
You are very stealthy in the water. (Stealth+)
You are amphibious.
You can wear up to eight rings at the same time.
You can use your tentacles to constrict eight enemies at once.
Your skin changes colour to match your surroundings (Stealth+).
Your rubbery body absorbs attacks. (AC +1, EV +1)


Message History

The sting hits Menkaure but does no damage.
Menkaure is lightly damaged.
Menkaure hits you.
You take 4 damage, and have 20/45 hp.
You now have 16/21 mp.
Casting: Sting (safe; 3% risk of failure)
Confirm with . or Enter, or press ? or * to list all spells.
Aiming: Sting (safe; 3% risk of failure)
Press: ? - help, Shift-Dir - straight line, f/p - Menkaure
Aim: Menkaure (lightly damaged, 12% to evade)
The sting hits Menkaure.
Menkaure partially resists.
Menkaure is moderately damaged.
Casting: Sting (safe; 3% risk of failure)
Confirm with . or Enter, or press ? or * to list all spells.
Aiming: Sting (safe; 3% risk of failure)
Press: ? - help, Shift-Dir - straight line, f/p - Menkaure
Aim: Menkaure (moderately damaged, 12% to evade)
The sting hits Menkaure.
Menkaure partially resists.
Menkaure is moderately damaged.
Menkaure hits you!!
You die...

.........
..####...
#.##.....# ... .#
.#...... .## . #.
......# ..##
#.##.....# ...#
##....... #....
#....... # .
.##.....M#
.......@###
##........# #
#.......## #
###.......#
...###
#.......###
.....####......##
#.##.##.#.....##
####..........# #
#...........##


You could see Menkaure.

Vanquished Creatures
  A big kobold (D:4)
  A scorpion (D:4)
  A hound (D:4)
  2 orc priests (D:4)
  A centaur skeleton (D:4)
  Jessica (D:3)
  A bullfrog skeleton (D:4)
  Terence (D:3)
  5 worker ants (D:4)
  Robin (D:3)
  2 adders
  An ooze (D:1)
  A worm (D:3)
  A dart slug (D:2)
  2 leopard geckos
  10 orcs
  7 giant cockroaches
  18 goblins
  10 hobgoblins
  14 jackals
  3 kobolds
  5 bats
  5 frilled lizards
  A quokka skeleton (D:4)
  3 rats
98 creatures vanquished.

Vanquished Creatures (others)
  A plant (D:2)
1 creature vanquished.

Grand Total: 99 creatures vanquished

Notes
Turn   | Place    | Note
-------+----------+-------------------------------------------
     0 | D:1      | kaeus the Octopode Venom Mage began the quest for the Orb.
     0 | D:1      | Reached XP level 1. HP: 11/11 MP: 3/3
   120 | D:1      | Reached XP level 2. HP: 7/18 MP: 5/5
   774 | D:1      | Reached XP level 3. HP: 22/22 MP: 3/6
  1086 | D:1      | Found a hazy altar of Hepliaklqana.
  1136 | D:2      | Reached skill level 1 in Fighting
  1536 | D:1      | Learned a level 3 spell: Mephitic Cloud
  2150 | D:2      | Reached XP level 4. HP: 28/28 MP: 5/7
  2811 | D:3      | Noticed Jessica
  2817 | D:3      | Killed Jessica
  2818 | D:3      | Reached skill level 1 in Air Magic
  3039 | D:3      | Noticed Terence
  3049 | D:3      | Killed Terence
  3050 | D:3      | Reached skill level 1 in Conjurations
  3050 | D:3      | Reached XP level 5. HP: 21/34 MP: 6/9
  3506 | D:3      | Noticed Robin
  3545 | D:2      | Learned a level 4 spell: Olgreb's Toxic Radiance
  4029 | D:3      | Killed Robin
  4371 | D:4      | Found a bloodstained altar of Trog.
  4383 | D:4      | Reached XP level 6. HP: 31/39 MP: 10/10
  5270 | D:4      | Reached XP level 7. HP: 29/45 MP: 8/12
  5655 | D:4      | Noticed Menkaure
  5662 | D:4      | Slain by Menkaure

Illustrated notes

Levels and vault maps discovered:
D:1:      dpeg_arrival_lava_altar, layout_basic
D:2:      layout_basic, serial_forest, infiniplex_forest_lined_corner,
          infiniplex_forest_straight_2, infiniplex_forest_pool,
          infiniplex_forest_lined_2, infiniplex_forest_split,
          infiniplex_forest_clump_curved, palyth_stone_intersect
D:3:      layout_basic, kennysheep_minor_cross, kennysheep_generic_room_8,
          uniq_jessica, uniq_terence, uniq_robin
D:4:      layout_cave_pools, kennysheep_mini_moat, bloody_trog, uniq_menkaure

Skill      XL: |  1  2  3  4  5  6  7 |
---------------+----------------------+-----
Stealth        | 3 4 |  4.1
Poison Magic   | 4 |  4.0
Fighting       | 1 2 |  2.0
Transmutations | 2 3 |  3.5
Air Magic      | 1 2 3 |  3.0
Conjurations   | 1 2 |  2.8
Spellcasting   | 3 |  3.6
Dodging        | |  2.0

Action                   |  1- 3 |  4- 6 |  7- 9 || total
-------------------------+-------+-------+-------++-------
Melee: Unarmed           |    27 |       |       ||    27
       Tentacles         |    12 |    18 |     1 ||    31
       Constrict         |    17 |    25 |     1 ||    43
       Dagger            |    56 |    83 |     5 ||   144
 Cast: Sting             |    48 |    51 |    17 ||   116
       Olgreb's Toxic Ra |       |     5 |       ||     5
       Mephitic Cloud    |       |     1 |       ||     1
  Use: Scroll            |       |     5 |     1 ||     6
 Stab: Distracted        |       |     1 |       ||     1
Armor: Skin              |     5 |    12 |       ||    17
Dodge: Dodged            |    67 |    86 |     6 ||   159
